 Dungeon Crawl Stone Soup version 0.31-a0-667-g39726597b9 (webtiles) character file.

Game seed: 5679303543688519785

41018 IndexError the Fighter (level 14, -11/110 HPs)
             Began as a Djinni Conjurer on Sept 4, 2023.
             Was a High Priest of Makhleb.
             Shot with an arrow by Nessos (30 damage)
             ... on level 5 of the Lair of Beasts.
             The game lasted 00:42:13 (16726 turns).

IndexError the Fighter (Djinni Conjurer)           Turns: 16726, Time: 00:42:14

Health: -11/110    AC:  8    Str:  7    XL:     14   Next: 47%
Gold:   1109       EV: 17    Int: 23    God:    Makhleb [*****.] SH:  0 Dex: 19

rFire   + + .        P - +1 mace "Esakhlamy" {heavy, *Rage Fly Str+3 Dex+5}
rCold   + . .        (no shield)
rNeg    . . .        E - +0 troll leather armour {regen}
rPois   ∞            z - +1 helmet
rElec   .            L - scarf {repulsion}
rCorr   .            K - +2 pair of gloves
SInv    +            (boots unavailable)
Will    +....        n - amulet of regeneration {+regen, !d}
Stlth   ++           M - ring of ice {rC+, rF-}
HPRegen 1.98/turn    H - ring of Midwinter {rF+ rC+ Str-2 SInv}
MPRegen 0.00/turn

%: random rage (20%), repel missiles, infuse magic (-12 HP)
@: flying
A: sickness immunity, fire resistance 2, cold vulnerability 1, float, innate
caster, HP casting, extra vitality 1
a: Renounce Religion, Minor Destruction, Lesser Servant of Makhleb, Major
Destruction, Greater Servant of Makhleb


You were on level 5 of the Lair of Beasts.
You worshipped Makhleb.
Makhleb was extremely pleased with you.
You visited 4 branches of the dungeon, and saw 19 of its levels.
You also visited: Gauntlet.

You collected 1109 gold pieces.

Inventory:

Hand Weapons
 b - a +1 antimagic shortbow
   (You took it off a centaur on level 6 of the Dungeon)
 J - the +7 great sword "Zuihe" {venom, Will+ Str-4 Int+2}
   (You found it on level 2 of the Lair of Beasts)

   Str-4:     It affects your strength (-4).
   Int+2:     It affects your intelligence (+2).
   Will+:     It increases your willpower.
 P - the +1 mace "Esakhlamy" (weapon) {heavy, *Rage Fly Str+3 Dex+5}
   (You found it in a Gauntlet)

   Str+3:     It affects your strength (+3).
   Dex+5:     It affects your dexterity (+5).
   Fly:       It grants you flight.
   *Rage:     It berserks you when you make melee attacks (+20% chance).
Missiles
 I - 16 javelins
Armour
 r - a +1 cloak
   (You took it off Crazy Yiuf on level 4 of the Dungeon)
 v - the +0 robe of Yhocs {+Blink}
   (You found it on level 3 of the Lair of Beasts)

   +Blink:    It lets you blink.
 z - a +1 helmet (worn)
   (You found it on level 7 of the Dungeon)
 E - a +0 troll leather armour (worn) {regen}
   (You found it on level 9 of the Dungeon)
 K - a +2 pair of gloves (worn)
   (You found it in a Gauntlet)
 L - a scarf of repulsion (worn)
   (You found it in a Gauntlet)
Magical Staves
 T - a staff of air {rElec}
   (You found it on level 5 of the Lair of Beasts)
Jewellery
 n - an amulet of regeneration (around neck) {+regen, !d}
   (You found it on level 3 of the Dungeon)
 s - a ring of willpower
   (You found it on level 5 of the Dungeon)
 H - the ring of Midwinter (right hand) {rF+ rC+ Str-2 SInv}
   (You found it on level 10 of the Dungeon)

   [ring of protection from cold]

   Str-2:     It affects your strength (-2).
   rF+:       It protects you from fire.
   rC+:       It protects you from cold.
   SInv:      It lets you see invisible.
 M - a ring of ice (left hand) {rC+, rF-}
   (You found it in a Gauntlet)
 N - a ring of ice {rC+, rF-}
   (You took it off a minotaur in a Gauntlet)
 Q - a ring of willpower
   (You found it on level 4 of the Lair of Beasts)
Wands
 f - a wand of mindburst (34)
   (You found it on level 2 of the Dungeon)
 j - a wand of polymorph (16)
   (You took it off Robin on level 2 of the Dungeon)
 p - a wand of charming (9)
   (You found it on level 4 of the Dungeon)
 q - a wand of digging (3)
   (You found it on level 3 of the Lair of Beasts)
 t - a wand of roots (21)
   (You found it on level 6 of the Dungeon)
 C - a wand of light (18)
   (You found it on level 8 of the Dungeon)
Scrolls
 a - 2 scrolls of butterflies
 d - 4 scrolls of teleportation
 l - 4 scrolls of fog
 u - 3 scrolls of poison
 x - 3 scrolls of amnesia
 D - 2 scrolls of immolation {!r}
 G - 3 scrolls of blinking {!r}
 O - a scroll of enchant weapon
 R - a scroll of vulnerability {!r!r}
 S - a scroll of fear {unknown}
Potions
 c - 6 potions of attraction {unknown}
 g - 2 potions of brilliance
 h - 4 potions of might
 i - a potion of ambrosia
 k - 2 potions of resistance
 m - 3 potions of mutation {unknown}
 o - 5 potions of curing {unknown}
 w - 3 potions of heal wounds
 y - a potion of invisibility
 A - a potion of cancellation
 B - 3 potions of degeneration {unknown}
 F - 2 potions of enlightenment
Miscellaneous
 e - a lightning rod (4/4)
   (You found it on level 3 of the Lair of Beasts)


   Skills:
 + Level 13.5 Fighting
 * Level 9.1 Dodging
 - Level 1.5 Stealth
 - Level 10.0 Spellcasting
 - Level 10.0 Conjurations
 - Level 10.0 Hexes
 - Level 10.0 Summonings
 - Level 10.0 Necromancy
 - Level 10.0 Translocations
 - Level 10.0 Transmutations
 - Level 10.0 Fire Magic
 - Level 10.0 Ice Magic
 - Level 10.0 Air Magic
 - Level 10.0 Earth Magic
 - Level 10.0 Poison Magic
 - Level 10.0 Invocations
 - Level 10.0 Evocations


You knew the following spells:

 Your Spells              Type           Power      Damage    Failure   Level
a - Magic Dart            Conj           100%       1d8       1%          1
b - Searing Ray           Conj           100%       2d8       1%          2
c - Dazzling Flash        Conj/Hex       100%       N/A       1%          3
d - Fulminant Prism       Conj/Hex       27%        3d13      1%          4
e - Necrotise             Necr           100%       1d9       1%          1
f - Wereblood             Tmut           55%        N/A       1%          2
g - Summon Guardian Gole  Hex/Summ       55%        N/A       1%          3
h - Petrify               Tmut/Erth      55%        N/A       1%          4
i - Dispel Undead         Necr           55%        3d20      1%          4
j - Alistair's Intoxicat  Tmut/Pois      36%        N/A       3%          5
x - Iskenderun's Mystic   Conj/Tloc      55%        2d12      1%          4
Your spell library was empty.

Dungeon Overview and Level Annotations

Branches:
Dungeon (12/15)            Temple (1/1) D:6            Lair (5/5) D:10
  Swamp (1/4) Lair:2        Snake (0/4) Lair:3        Slime (0/5) Lair:5
Gauntlet (visited)
    Orc: D:9-12

Altars:
Ashenzari
Cheibriados
Dithmenos
Elyvilon
Fedhas
Gozag
Hepliaklqana
Makhleb
Nemelex Xobeh
Okawaru
Qazlal
Ru
Trog
Uskayaw
Wu Jian
Xom
Yredelemnul
Zin
The Shining One

Shops:
D:4 (((   D:5 *

Annotations:
Lair:5 exclusion: 3 oklob plants, Nessos


Innate Abilities, Weirdness & Mutations

You are immune to sickness and miasma.
You are immune to poison.
Your flesh is very heat resistant. (rF++)
You are vulnerable to cold. (rC-)
You float through the air rather than walking.
You learn spells naturally, not from books.
Your magical power is your life essence.
You have superior vitality. (+4 MHP)


Message History

Casting: Magic Dart (safe; 1% risk of failure)
Confirm with . or Enter, or press ? or * to list all spells.
You erupt in a blast of force!
The mystic blast hits the bush!
The mystic blast hits Nessos!
Nessos is knocked back by the mystic blast.
Nessos gestures wildly while chanting.
Nessos blinks!
You take 2 damage, and have 104/110 hp.
Casting: Iskenderun's Mystic Blast (mildly dangerous; 1% risk of failure)
Confirm with . or Enter, or press ? or * to list all spells.
Aiming: Fulminant Prism (mildly dangerous; 1% risk of failure)
Press: ? - help, Dir - move target, p - Nessos You conjure a prism of explosive energy!
A fulminant prism comes into view.
You take 2 damage, and have 102/110 hp.
You can't see any susceptible monsters within range! (Use Z to cast anyway.) Nessos shoots an arrow.
The arrow hits your fulminant prism!!
Nessos mumbles some strange words.
Nessos seems to speed up.
You regained 2 hp, and now have 104/110 hp.
Nessos gestures wildly while chanting.
Nessos blinks!
You regained 2 hp, and now have 106/110 hp.
Casting: Fulminant Prism (mildly dangerous; 1% risk of failure)
Confirm with . or Enter, or press ? or * to list all spells.
Aiming: Fulminant Prism (mildly dangerous; 1% risk of failure)
Press: ? - help, Dir - move target You conjure a prism of explosive energy!
A fulminant prism comes into view.
Nessos gestures wildly while chanting.
Nessos blinks!
You take 2 damage, and have 104/110 hp.
Nessos shoots an arrow.
The arrow barely misses you.
Nessos shoots an arrow.
The arrow misses you.
Your fulminant prism crackles loudly.
Nessos casts a spell.
Nessos blinks!
You regained 2 hp, and now have 106/110 hp.
Nessos unwields a +3 longbow of flaming.
It stops flaming.
Nessos hits you. Nessos misses you.
You take 1 damage, and have 105/110 hp.
Casting: Fulminant Prism (mildly dangerous; 1% risk of failure)
Confirm with . or Enter, or press ? or * to list all spells.
You erupt in a blast of force!
The mystic blast hits the bush!
The mystic blast hits Nessos!
Nessos is knocked back by the mystic blast.
Nessos collides with the bush!
Nessos hits you. Nessos kicks you but does no damage.
Nessos stands on their hind legs for a moment.
Nessos casts a spell.
Nessos blinks!
You take 4 damage, and have 101/110 hp.
Casting: Iskenderun's Mystic Blast (mildly dangerous; 1% risk of failure)
Confirm with . or Enter, or press ? or * to list all spells.
You don't know that spell.
The magic dart hits Nessos.
Nessos gestures wildly while chanting.
Nessos blinks!
Nessos wields a +3 longbow of flaming.
It bursts into flame!
Nessos shoots an arrow.
The arrow closely misses you.
The magic dart hits Nessos.
Nessos shoots an arrow.
The arrow misses you.
Nessos shoots an arrow.
The arrow hits you!! The arrow burns you.
You take 25 damage, and have 77/110 hp.
MASSIVE DAMAGE!!
The magic dart hits Nessos but does no damage.
Nessos shoots an arrow.
The arrow closely misses you.
Nessos shoots an arrow.
The arrow barely misses you.
The magic dart hits Nessos.
Nessos shoots an arrow.
The arrow closely misses you.
Nessos shoots an arrow.
The arrow barely misses you.
The magic dart hits Nessos but does no damage.
The magic dart hits Nessos but does no damage.
Nessos shoots an arrow.
The arrow hits you! The arrow burns you.
Nessos shoots an arrow.
The arrow hits you! The arrow burns you.
You take 31 damage, and have 49/110 hp.
MASSIVE DAMAGE!!
You are too injured to fight recklessly!
You are too injured to fight recklessly!
Casting: Magic Dart (safe; 1% risk of failure)
Confirm with . or Enter, or press ? or * to list all spells.
Aiming: Searing Ray (safe; 1% risk of failure)
Press: ? - help, Shift-Dir - straight line, f/p - Nessos
Aim: Nessos, wielding a +3 longbow of flaming and wearing a +1 barding (severely wounded, fast, 90% to hit)
The searing ray hits Nessos but does no damage. (Press . to maintain the ray.) Nessos shoots an arrow.
The arrow completely misses you.
Nessos shoots an arrow.
The arrow hits you! The arrow burns you.
You take 12 damage, and have 37/110 hp.
The searing ray hits Nessos but does no damage.
Nessos gestures wildly while chanting.
Nessos blinks!
Nessos shoots an arrow.
The arrow misses you.
Nessos gestures wildly while chanting.
Nessos blinks!
You are too injured to fight recklessly!
Aiming: Thunderbolt
Press: ? - help, Shift-Dir - straight line, f - you, p - Nessos
Okay, then.
Nessos shoots an arrow.
The arrow hits you!!
* * * LOW HITPOINT WARNING * * *
The arrow burns you.
* * * LOW HITPOINT WARNING * * *
Nessos shoots an arrow.
The arrow hits you!!
You die...

...P## ...PP#
##...# #....# #..#.
##.PP#. # ####...#
.#..... P.##......
8....## .........#
.#..... .........#
.#..... .......:.#
....... ...§...@##
.###... §........#
...###P
.#.....P.#########
#....#
.........P....##.#
##.#..#
.#...............#
÷..#...
.................##
8...#..
............#.....#
.......
.....c.....##.....#
8......
.............#...##


You could see Nessos (fast).

Vanquished Creatures
  A minotaur (Gauntlet)
  A green death (Gauntlet)
  Snorg (Lair:5)
  2 hydras
  2 two-headed ogres (D:11)
  3 thrashing horrors (Lair:5)
  4 skysharks
  A glowing orange brain (shapeshifter) (Lair:5)
  An ugly thing (Lair:5)
  A manticore (D:11)
  An oklob plant (Lair:4)
  A salamander (Lair:3)
  Maurice (D:9)
  5 black mambas
  2 smoke demons (Lair:5)
  An orange demon (Gauntlet)
  10 cane toads
  3 rime drakes
  3 komodo dragons
  3 trolls
  6 hornets
  A raiju (Lair:5)
  14 blink frogs
  A large abomination (Lair:5)
  4 slime creatures (D:12)
  A wraith (D:10)
  Sigmund (D:5)
  57 yaks
  3 wyverns
  2 ynoxinuls (Lair:5)
  Eustachio (D:5)
  7 basilisks
  A chaos spawn (Lair:5)
  A steam dragon (D:7)
  2 vampire mosquitoes (D:10)
  Menkaure (D:4)
  3 nagas (Lair:3)
  7 water moccasins
  2 ice beasts
  2 orc warriors
  A sky beast (D:7)
  3 black bears
  5 wolves
  2 centaurs
  6 ogres
  9 small abominations (Lair:5)
  10 bullfrogs
  2 kobold brigands
  A gnoll sergeant (D:7)
  A scorpion (D:5)
  13 wights
  15 killer bees
  5 howler monkeys
  3 electric eels
  12 hounds
  A gnoll bouda (D:5)
  2 orc priests
  Crazy Yiuf (D:4)
  2 iguanas
  Natasha (D:2)
  4 orc wizards
  Terence (D:2)
  Robin (D:2)
  11 gnolls
  5 adders
  A dart slug (D:8)
  16 orcs
  3 bats
  6 endoplasms
  2 giant cockroaches
  9 goblins (D:2)
  8 hobgoblins
  5 jackals
  18 kobolds
  2 quokkas
  4 ball pythons
  A frilled lizard (D:3)
  3 rats
359 creatures vanquished.

Vanquished Creatures (others)
  67 fulminant prisms
67 creatures vanquished.

Grand Total: 426 creatures vanquished

Notes
Turn   | Place    | Note
-------+----------+-------------------------------------------
     0 | D:1      | IndexError the Djinni Conjurer began the quest for the Orb.
     0 | D:1      | IndexError set off with the following spells memorised:
                  | Magic Dart, Searing Ray, Dazzling Flash, Fulminant Prism,
                  | Iskenderun's Mystic Blast.
     0 | D:1      | Reached XP level 1. HP: 15/15 MP: 0/0
   244 | D:1      | Reached XP level 2. HP: 19/22 MP: 0/0
   389 | D:1      | Reached skill level 1 in Fighting
   878 | D:2      | Noticed Terence
   884 | D:1      | Reached XP level 3. HP: 24/28 MP: 0/0
   884 | D:1      | Learned a level 1 spell: Necrotise
   982 | D:2      | Killed Terence
   983 | D:2      | Reached skill level 2 in Fighting
   983 | D:2      | Reached XP level 4. HP: 27/33 MP: 0/0
  1034 | D:2      | Noticed an ogre
  1044 | D:2      | Killed an ogre
  1045 | D:2      | Reached skill level 3 in Fighting
  1045 | D:2      | Reached skill level 4 in Spellcasting
  1045 | D:2      | Reached skill level 4 in Conjurations
  1045 | D:2      | Reached skill level 4 in Hexes
  1045 | D:2      | Reached skill level 4 in Summonings
  1045 | D:2      | Reached skill level 4 in Necromancy
  1045 | D:2      | Reached skill level 4 in Translocations
  1045 | D:2      | Reached skill level 4 in Transmutations
  1045 | D:2      | Reached skill level 4 in Fire Magic
  1045 | D:2      | Reached skill level 4 in Ice Magic
  1045 | D:2      | Reached skill level 4 in Air Magic
  1045 | D:2      | Reached skill level 4 in Earth Magic
  1045 | D:2      | Reached skill level 4 in Poison Magic
  1045 | D:2      | Reached XP level 5. HP: 32/40 MP: 0/0
  1045 | D:2      | Learned a level 2 spell: Wereblood
  1377 | D:2      | Found a faded altar of an unknown god.
  1393 | D:2      | Noticed Robin
  1534 | D:2      | Noticed Natasha
  1540 | D:2      | Killed Natasha
  1541 | D:2      | Reached XP level 6. HP: 29/47 MP: 0/0
  1723 | D:2      | Killed Robin
  2982 | D:4      | Reached skill level 4 in Fighting
  3035 | D:4      | Found Moxan's Weapon Shoppe.
  3336 | D:4      | Found Mearast's Antique Weapon Shoppe.
  3426 | D:4      | Noticed Menkaure
  3439 | D:4      | Killed Menkaure
  3440 | D:4      | Reached skill level 5 in Spellcasting
  3440 | D:4      | Reached skill level 5 in Conjurations
  3440 | D:4      | Reached skill level 5 in Hexes
  3440 | D:4      | Reached skill level 5 in Summonings
  3440 | D:4      | Reached skill level 5 in Necromancy
  3440 | D:4      | Reached skill level 5 in Translocations
  3440 | D:4      | Reached skill level 5 in Transmutations
  3440 | D:4      | Reached skill level 5 in Fire Magic
  3440 | D:4      | Reached skill level 5 in Ice Magic
  3440 | D:4      | Reached skill level 5 in Air Magic
  3440 | D:4      | Reached skill level 5 in Earth Magic
  3440 | D:4      | Reached skill level 5 in Poison Magic
  3440 | D:4      | Reached XP level 7. HP: 31/53 MP: 0/0
  3440 | D:4      | Learned a level 3 spell: Summon Guardian Golem
  3536 | D:4      | Found Nobisuad's Weapon Boutique.
  3781 | D:4      | Found a runed translucent door.
  3782 | D:4      | Noticed Crazy Yiuf
  3854 | D:4      | Reached skill level 5 in Fighting
  4235 | D:4      | Killed Crazy Yiuf
  4290 | D:5      | Entered Level 5 of the Dungeon
  4463 | D:5      | Noticed Eustachio
  4477 | D:5      | Killed Eustachio
  4478 | D:5      | Reached XP level 8. HP: 51/60 MP: 0/0
  4509 | D:5      | Noticed Sigmund
  4515 | D:5      | Killed Sigmund
  4516 | D:5      | Reached skill level 6 in Fighting
  4784 | D:5      | Reached skill level 6 in Spellcasting
  4784 | D:5      | Reached skill level 6 in Conjurations
  4784 | D:5      | Reached skill level 6 in Hexes
  4784 | D:5      | Reached skill level 6 in Summonings
  4784 | D:5      | Reached skill level 6 in Necromancy
  4784 | D:5      | Reached skill level 6 in Translocations
  4784 | D:5      | Reached skill level 6 in Transmutations
  4784 | D:5      | Reached skill level 6 in Fire Magic
  4784 | D:5      | Reached skill level 6 in Ice Magic
  4784 | D:5      | Reached skill level 6 in Air Magic
  4784 | D:5      | Reached skill level 6 in Earth Magic
  4784 | D:5      | Reached skill level 6 in Poison Magic
  5042 | D:5      | Found Ecokhlum's General Store.
  5178 | D:5      | Reached skill level 7 in Fighting
  5197 | D:5      | Reached XP level 9. HP: 66/68 MP: 0/0
  5197 | D:5      | Learned a level 4 spell: Petrify
  5589 | D:6      | Reached skill level 8 in Fighting
  5589 | D:6      | Reached skill level 7 in Spellcasting
  5589 | D:6      | Reached skill level 7 in Conjurations
  5589 | D:6      | Reached skill level 7 in Hexes
  5589 | D:6      | Reached skill level 7 in Summonings
  5589 | D:6      | Reached skill level 7 in Necromancy
  5589 | D:6      | Reached skill level 7 in Translocations
  5589 | D:6      | Reached skill level 7 in Transmutations
  5589 | D:6      | Reached skill level 7 in Fire Magic
  5589 | D:6      | Reached skill level 7 in Ice Magic
  5589 | D:6      | Reached skill level 7 in Air Magic
  5589 | D:6      | Reached skill level 7 in Earth Magic
  5589 | D:6      | Reached skill level 7 in Poison Magic
  5684 | D:6      | You are sucked into a shaft and drop 1 floor!
  5875 | D:6      | Found a staircase to the Ecumenical Temple.
  5882 | Temple   | Entered the Ecumenical Temple
  5964 | Temple   | Became a worshipper of Makhleb the Destroyer
  6036 | D:6      | Found the +7 Kryia's mail coat {PotionHeal*2 rC+}
  6269 | D:7      | Reached skill level 9 in Fighting
  6274 | D:7      | Reached XP level 10. HP: 28/78 MP: 0/0
  6694 | D:7      | Reached skill level 8 in Spellcasting
  6694 | D:7      | Reached skill level 8 in Conjurations
  6694 | D:7      | Reached skill level 8 in Hexes
  6694 | D:7      | Reached skill level 8 in Summonings
  6694 | D:7      | Reached skill level 8 in Necromancy
  6694 | D:7      | Reached skill level 8 in Translocations
  6694 | D:7      | Reached skill level 8 in Transmutations
  6694 | D:7      | Reached skill level 8 in Fire Magic
  6694 | D:7      | Reached skill level 8 in Ice Magic
  6694 | D:7      | Reached skill level 8 in Air Magic
  6694 | D:7      | Reached skill level 8 in Earth Magic
  6694 | D:7      | Reached skill level 8 in Poison Magic
  6933 | D:7      | Identified the +8 chain mail "Xilu" {Fly}
  7104 | D:8      | Reached skill level 10 in Fighting
  7246 | D:8      | Reached * piety under Makhleb
  7309 | D:8      | Found a snail-covered altar of Cheibriados.
  8696 | D:9      | Found a blossoming altar of Fedhas.
  8867 | D:9      | Noticed Maurice
  8873 | D:9      | Killed Maurice
  9018 | D:9      | Reached skill level 11 in Fighting
  9018 | D:9      | Reached skill level 9 in Spellcasting
  9018 | D:9      | Reached skill level 9 in Conjurations
  9018 | D:9      | Reached skill level 9 in Hexes
  9018 | D:9      | Reached skill level 9 in Summonings
  9018 | D:9      | Reached skill level 9 in Necromancy
  9018 | D:9      | Reached skill level 9 in Translocations
  9018 | D:9      | Reached skill level 9 in Transmutations
  9018 | D:9      | Reached skill level 9 in Fire Magic
  9018 | D:9      | Reached skill level 9 in Ice Magic
  9018 | D:9      | Reached skill level 9 in Air Magic
  9018 | D:9      | Reached skill level 9 in Earth Magic
  9018 | D:9      | Reached skill level 9 in Poison Magic
  9018 | D:9      | Reached XP level 11. HP: 83/87 MP: 0/0
  9018 | D:9      | Learned a level 4 spell: Dispel Undead
  9162 | D:10     | Entered Level 10 of the Dungeon
  9552 | D:10     | Found a staircase to the Lair.
  9684 | D:10     | Identified the ring of Midwinter {rF+ rC+ Str-2 SInv}
  9698 | D:10     | Reached ** piety under Makhleb
  9699 | D:10     | Reached skill level 12 in Fighting
  9971 | D:11     | Found a sacrificial altar of Ru.
 10002 | D:11     | Noticed a two-headed ogre
 10016 | D:11     | Killed a two-headed ogre
 10064 | D:11     | Noticed a manticore
 10070 | D:11     | Killed a manticore
 10071 | D:11     | Reached skill level 10 in Spellcasting
 10071 | D:11     | Reached skill level 10 in Conjurations
 10071 | D:11     | Reached skill level 10 in Hexes
 10071 | D:11     | Reached skill level 10 in Summonings
 10071 | D:11     | Reached skill level 10 in Necromancy
 10071 | D:11     | Reached skill level 10 in Translocations
 10071 | D:11     | Reached skill level 10 in Transmutations
 10071 | D:11     | Reached skill level 10 in Fire Magic
 10071 | D:11     | Reached skill level 10 in Ice Magic
 10071 | D:11     | Reached skill level 10 in Air Magic
 10071 | D:11     | Reached skill level 10 in Earth Magic
 10071 | D:11     | Reached skill level 10 in Poison Magic
 10077 | D:11     | Noticed a two-headed ogre
 10087 | D:11     | Killed a two-headed ogre
 10088 | D:11     | Reached skill level 1 in Invocations
 10088 | D:11     | Reached skill level 1 in Evocations
 10259 | D:11     | Reached skill level 2 in Invocations
 10259 | D:11     | Reached skill level 2 in Evocations
 10542 | D:11     | Reached skill level 3 in Invocations
 10542 | D:11     | Reached skill level 3 in Evocations
 10544 | D:11     | Reached XP level 12. HP: 96/96 MP: 0/0
 10635 | D:12     | Reached skill level 4 in Invocations
 10635 | D:12     | Reached skill level 4 in Evocations
 10744 | D:12     | Noticed a boulder beetle
 10843 | Lair:1   | Entered Level 1 of the Lair of Beasts
 10911 | Lair:1   | Reached skill level 5 in Invocations
 10911 | Lair:1   | Reached skill level 5 in Evocations
 11181 | Lair:1   | Reached skill level 6 in Invocations
 11181 | Lair:1   | Reached skill level 6 in Evocations
 11279 | Lair:1   | Reached *** piety under Makhleb
 11728 | Lair:2   | Noticed a seven-headed hydra
 11737 | Lair:2   | Killed a seven-headed hydra
 11851 | Lair:2   | Found a staircase to the Swamp.
 11975 | Lair:2   | Reached skill level 7 in Invocations
 11975 | Lair:2   | Reached skill level 7 in Evocations
 12098 | Lair:2   | Noticed a skyshark
 12110 | Lair:2   | Killed a skyshark
 12194 | Lair:2   | Identified the +7 great sword "Zuihe" {venom, Will+ Str-4
                  | Int+2}
 12392 | Lair:2   | Reached XP level 13. HP: 99/102 MP: 0/0
 12392 | Lair:2   | Learned a level 5 spell: Alistair's Intoxication
 12619 | Lair:3   | Found a gate leading to a gauntlet.
 12636 | Gauntlet | Entered a Gauntlet
 12636 | Gauntlet | Found a transporter.
 12636 | Gauntlet | Found a transporter.
 12640 | Gauntlet | Found a transporter.
 12640 | Gauntlet | Found a transporter.
 12647 | Gauntlet | Found a transporter.
 12660 | Gauntlet | Found a transporter.
 12661 | Gauntlet | Found a transporter.
 12667 | Gauntlet | Found a transporter.
 12691 | Gauntlet | Found a transporter.
 12691 | Gauntlet | Found a transporter.
 12702 | Gauntlet | Noticed a green death
 12703 | Gauntlet | Found a transporter.
 12788 | Gauntlet | Found a transporter.
 12805 | Gauntlet | Found a transporter.
 12818 | Gauntlet | Found a transporter.
 12905 | Gauntlet | Found a transporter.
 12926 | Gauntlet | Found a transporter.
 13158 | Gauntlet | Reached skill level 8 in Invocations
 13158 | Gauntlet | Reached skill level 8 in Evocations
 13211 | Gauntlet | Killed a green death
 13240 | Gauntlet | Noticed a minotaur
 13258 | Gauntlet | Killed a minotaur
 13296 | Gauntlet | Found the +13 scythe of Curses {drain, curses, Drain}
 13301 | Gauntlet | Identified the +1 mace "Esakhlamy" {heavy, *Rage Fly Str+3
                  | Dex+5}
 13455 | Swamp:1  | Entered Level 1 of the Swamp
 13541 | Lair:3   | Reached skill level 9 in Invocations
 13541 | Lair:3   | Reached skill level 9 in Evocations
 13810 | Lair:3   | Identified the +0 robe of Yhocs {+Blink}
 14398 | Lair:3   | Found a staircase to the Snake Pit.
 14686 | Lair:4   | HP: 25/102 [oklob plant/splash of acid (38)]
 14892 | Lair:4   | Noticed a five-headed hydra
 14903 | Lair:4   | Killed a five-headed hydra
 15158 | Lair:4   | Reached skill level 10 in Invocations
 15158 | Lair:4   | Reached skill level 10 in Evocations
 15552 | Lair:5   | Entered Level 5 of the Lair of Beasts
 15564 | Lair:5   | Reached skill level 3 in Dodging
 15614 | Lair:5   | Reached skill level 4 in Dodging
 15633 | Lair:5   | Found a staircase to the Slime Pits.
 15638 | Lair:5   | HP: 23/102 [oklob plant/splash of acid (21)]
 15846 | Lair:5   | Reached **** piety under Makhleb
 15851 | Lair:5   | Reached skill level 5 in Dodging
 15912 | Lair:5   | Reached XP level 14. HP: 87/108 MP: 0/0
 15970 | Lair:5   | Reached skill level 6 in Dodging
 15975 | Lair:5   | Reached skill level 13 in Fighting
 16027 | Lair:5   | Reached skill level 7 in Dodging
 16154 | Lair:5   | Reached skill level 8 in Dodging
 16444 | Lair:5   | Noticed Snorg
 16456 | Lair:5   | Killed Snorg
 16644 | Lair:5   | Reached ***** piety under Makhleb
 16645 | Lair:5   | Reached skill level 9 in Dodging
 16691 | Lair:5   | Noticed Nessos
 16726 | Lair:5   | HP: 20/110 [Nessos/arrow (19)]
 16726 | Lair:5   | Shot with an arrow by Nessos

Illustrated notes

Levels and vault maps discovered:
D:1:      scummos_arrival_checkerplants, layout_loops_ring
D:2:      layout_rooms, ebering_ecumenical_altar_hall, chequers_mini_garden,
          uniq_terence, uniq_robin, uniq_natasha
D:3:      layout_loops_ring, serial_co_window_serial, co_window_corner_a,
          co_window_cross_1, co_window_of_opportunity_a, co_window_corner_a,
          co_window_paths_b, co_window_broadway_c, co_window_broadway_c,
          co_window_broadway_a, co_window_of_opportunity_b, co_window_corner_b,
          co_window_unsneaky_path_e, co_window_unsneaky_path_c, glass_columns_a,
          feat_on_display
D:4:      layout_loops_corners, serial_shops, shop, shop,
          nicolae_shop_hallway_plus, uniq_crazy_yiuf_cottage, uniq_menkaure
D:5:      layout_basic, serial_shops, shop_statue, uniq_eustachio, uniq_sigmund
D:6:      layout_rooms, minmay_temple_entry_mini_moons
D:7:      layout_loops_cross
D:8:      layout_loops_corners, kennysheep_slug_shrine
D:9:      layout_stronghold, fedhas_altar_3, minivault_23, uniq_maurice
D:10:     layout_roguey, erik_lair_island, grunt_decor_fettered
D:11:     layout_irregular_city, nicolae_ru_awakened_eye
D:12:     minmay_roctagon, layout_long_grid, orc_0_dummy, serial_shops,
          shop_statue, chequers_serial_rivers_large_b, nicolae_twisting_strands,
          uniq_erolcha, uniq_sonja
Temple:   mainiacjoe_temple_cubbyholes
Lair:1:   hellmonk_ruined_rings, layout_loops_ring
Lair:2:   layout_loops_ring, swamp_mist, minmay_holes, serial_bayou_shore_a
Lair:3:   layout_cave_pods, alex1729_snake_entry_snake, gauntlet_entry_generic,
          lemuel_fruit_tree
Lair:4:   layout_regular_city
Lair:5:   hellmonk_lair_end_abyssal_woods, layout_gridlike,
          minmay_slime_entry_oklob_open, grunt_megastairs_2, uniq_nessos,
          uniq_snorg
Swamp:1:  layout_falls_marsh, nicolae_swamp_little_tower, swamp_pool1,
          grunt_ruined_hall

Skill      XL: |  1  2  3  4  5  6  7  8  9 10 11 12 13 14 |
---------------+-------------------------------------------+-----
Fighting       | 1 2 3 4 5 7 9 11 12 13 | 13.5
Spellcasting   | 4 5 6 7 9 10 | 10.0
Conjurations   | 4 5 6 7 9 10 | 10.0
Hexes          | 4 5 6 7 9 10 | 10.0
Summonings     | 4 5 6 7 9 10 | 10.0
Necromancy     | 4 5 6 7 9 10 | 10.0
Translocations | 4 5 6 7 9 10 | 10.0
Transmutations | 4 5 6 7 9 10 | 10.0
Fire Magic     | 4 5 6 7 9 10 | 10.0
Ice Magic      | 4 5 6 7 9 10 | 10.0
Air Magic      | 4 5 6 7 9 10 | 10.0
Earth Magic    | 4 5 6 7 9 10 | 10.0
Poison Magic   | 4 5 6 7 9 10 | 10.0
Invocations    | 3 7 10 | 10.0
Evocations     | 3 7 10 | 10.0
Dodging        | 5 9 |  9.1
Stealth        | |  1.5

Action                     |  1- 3 |  4- 6 |  7- 9 | 10-12 | 13-15 || total
---------------------------+-------+-------+-------+-------+-------++-------
  Melee: Dagger            |       |     9 |     5 |    40 |     1 ||    55
         Punch             |       |     1 |       |     2 |     1 ||     4
         Mace              |       |       |       |       |     6 ||     6
   Fire: Shortbow          |       |       |    18 |    69 |       ||    87
   Cast: Magic Dart        |    35 |    82 |    39 |   167 |   260 ||   583
         Searing Ray       |     4 |     7 |    13 |    49 |    16 ||    89
         Fulminant Prism   |       |     3 |    21 |    20 |    23 ||    67
         Iskenderun's Myst |       |       |    28 |    79 |   165 ||   272
         Alistair's Intoxi |       |       |       |       |     3 ||     3
    Use: Scroll            |       |       |       |    13 |     5 ||    18
   Stab: Sleeping          |       |     1 |       |     1 |       ||     2
 Armour: Robe              |     4 |    17 |    41 |    55 |       ||   117
         Troll leather arm |       |       |       |   109 |   160 ||   269
  Dodge: Dodged            |     7 |    15 |    38 |   137 |   109 ||   306
         Repelled          |       |       |       |       |     1 ||     1

Table legend: (Time is in decaauts)
 A = Elapsed time spent in this place.
 B = Non-inter-level travel time spent in this place.
 C = Inter-level travel time spent in this place.
 D = Time resting spent in this place.
 E = Time spent auto-exploring this place.
 F = Levels seen in this place.
 G = Mean time per level.
                   A        B        C        D        E       F      G
               +--------+--------+--------+--------+--------+-----+--------+
         Total |  16789 |  15094 |   1695 |      5 |  12376 |  20 |  839.5 |
       Dungeon |  10767 |   9633 |   1134 |      0 |   8227 |  12 |  897.2 |
        Temple |    119 |      2 |    117 |      0 |      0 |   1 |  119.0 |
          Lair |   5232 |   4789 |    443 |      5 |   3748 |   5 | 1046.4 |
         Swamp |      1 |      1 |      0 |      0 |      0 |   1 |    1.0 |
      Gauntlet |    667 |    667 |      0 |      0 |    401 |   1 |  667.0 |
               +--------+--------+--------+--------+--------+-----+--------+

Top non-repeatable levels by time:
     D:4: 1407 daAuts
  Lair:3: 1268 daAuts
     D:5: 1172 daAuts
     D:8: 1133 daAuts
     D:3: 1083 daAuts
  Lair:4: 1052 daAuts
  Lair:5: 1048 daAuts
  Lair:2: 1044 daAuts
     D:9: 975 daAuts
     D:2: 962 daAuts
     D:1: 943 daAuts
    D:11: 864 daAuts
     D:7: 835 daAuts
  Lair:1: 819 daAuts
    D:10: 738 daAuts

Levels and vault maps discovered:
D:1:      scummos_arrival_checkerplants, layout_loops_ring
D:2:      layout_rooms, ebering_ecumenical_altar_hall, chequers_mini_garden,
          uniq_terence, uniq_robin, uniq_natasha
D:3:      layout_loops_ring, serial_co_window_serial, co_window_corner_a,
          co_window_cross_1, co_window_of_opportunity_a, co_window_corner_a,
          co_window_paths_b, co_window_broadway_c, co_window_broadway_c,
          co_window_broadway_a, co_window_of_opportunity_b, co_window_corner_b,
          co_window_unsneaky_path_e, co_window_unsneaky_path_c, glass_columns_a,
          feat_on_display
D:4:      layout_loops_corners, serial_shops, shop, shop,
          nicolae_shop_hallway_plus, uniq_crazy_yiuf_cottage, uniq_menkaure
D:5:      layout_basic, serial_shops, shop_statue, uniq_eustachio, uniq_sigmund
D:6:      layout_rooms, minmay_temple_entry_mini_moons
D:7:      layout_loops_cross
D:8:      layout_loops_corners, kennysheep_slug_shrine
D:9:      layout_stronghold, fedhas_altar_3, minivault_23, uniq_maurice
D:10:     layout_roguey, erik_lair_island, grunt_decor_fettered
D:11:     layout_irregular_city, nicolae_ru_awakened_eye
D:12:     minmay_roctagon, layout_long_grid, orc_0_dummy, serial_shops,
          shop_statue, chequers_serial_rivers_large_b, nicolae_twisting_strands,
          uniq_erolcha, uniq_sonja
Temple:   mainiacjoe_temple_cubbyholes
Lair:1:   hellmonk_ruined_rings, layout_loops_ring
Lair:2:   layout_loops_ring, swamp_mist, minmay_holes, serial_bayou_shore_a
Lair:3:   layout_cave_pods, alex1729_snake_entry_snake, gauntlet_entry_generic,
          lemuel_fruit_tree
Lair:4:   layout_regular_city
Lair:5:   hellmonk_lair_end_abyssal_woods, layout_gridlike,
          minmay_slime_entry_oklob_open, grunt_megastairs_2, uniq_nessos,
          uniq_snorg
Swamp:1:  layout_falls_marsh, nicolae_swamp_little_tower, swamp_pool1,
          grunt_ruined_hall

Table legend: (Time is in decaauts)
 A = Elapsed time spent in this place.
 B = Non-inter-level travel time spent in this place.
 C = Inter-level travel time spent in this place.
 D = Time resting spent in this place.
 E = Time spent auto-exploring this place.
 F = Levels seen in this place.
 G = Mean time per level.
                   A        B        C        D        E       F      G
               +--------+--------+--------+--------+--------+-----+--------+
         Total |  16789 |  15094 |   1695 |      5 |  12376 |  20 |  839.5 |
       Dungeon |  10767 |   9633 |   1134 |      0 |   8227 |  12 |  897.2 |
        Temple |    119 |      2 |    117 |      0 |      0 |   1 |  119.0 |
          Lair |   5232 |   4789 |    443 |      5 |   3748 |   5 | 1046.4 |
         Swamp |      1 |      1 |      0 |      0 |      0 |   1 |    1.0 |
      Gauntlet |    667 |    667 |      0 |      0 |    401 |   1 |  667.0 |
               +--------+--------+--------+--------+--------+-----+--------+

Top non-repeatable levels by time:
     D:4: 1407 daAuts
  Lair:3: 1268 daAuts
     D:5: 1172 daAuts
     D:8: 1133 daAuts
     D:3: 1083 daAuts
  Lair:4: 1052 daAuts
  Lair:5: 1048 daAuts
  Lair:2: 1044 daAuts
     D:9: 975 daAuts
     D:2: 962 daAuts
     D:1: 943 daAuts
    D:11: 864 daAuts
     D:7: 835 daAuts
  Lair:1: 819 daAuts
    D:10: 738 daAuts

Table legend:
 A = Kills in this place as a percentage of kills in the entire game.
 B = Kills by you in this place as a percentage of kills by you in the entire game.
 C = Kills by friends in this place as a percentage of kills by friends in the entire game.
 D = Other kills in this place as a percentage of other kills in the entire game.
 E = Experience gained in this place as a percentage of experience gained in the entire game.
 F = Experience gained in this place divided by the number of levels of this place that you have seen.
                   A       B       C       D       E      F
               +-------+-------+-------+-------+-------+----------------------
         Total | 100.0 | 100.0 |   N/A |   N/A | 100.0 | 2929.9
       Dungeon |  60.4 |  60.4 |   N/A |   N/A |  28.7 | 1401.0
          Lair |  37.3 |  37.3 |   N/A |   N/A |  64.8 | 7600.0
      Gauntlet |   2.2 |   2.2 |   N/A |   N/A |   6.5 | 3786.0
               +-------+-------+-------+-------+-------+----------------------
